 Dungeon Crawl Stone Soup version 0.30-a0-718-geaa24f58ff (webtiles) character file.

Game seed: 1732602266436946737

87 mopl the Insei (level 4, 0/32 HPs)
             Began as a Djinni Transmuter on Jan 25, 2023.
             Slain by a phantom (2 damage)
             ... on level 2 of the Dungeon.
             The game lasted 00:02:32 (1233 turns).

mopl the Insei (Djinni Transmuter)                  Turns: 1233, Time: 00:02:32

Health: 0/32       AC:  2    Str: 11    XL:     4   Next: 80%
Gold:   69         EV: 12    Int: 15    God:
                   SH:  0    Dex: 13

rFire   + + +      SeeInvis .    m - +2 dagger (venom)
rCold   x . .      Faith    .    (no shield)
rNeg    . . .      Spirit   .    a - +0 robe
rPois   ∞          Reflect  .    (no helmet)
rElec   .          Harm     .    (no cloak)
rCorr   .          Rampage  .    (no gloves)
Will    .....                    (boots unavailable)
Stlth   +                        (no amulet)
HPRegen 0.25/turn                g - ring of protection from fire
MPRegen 0.00/turn                (no ring)

@: flying
A: sickness immunity, fire resistance 2, cold vulnerability 1, float, innate
caster, HP casting, extra vitality 1
a: no special abilities


You were on level 2 of the Dungeon.
You visited 1 branch of the dungeon, and saw 2 of its levels.

You collected 69 gold pieces.

Inventory:

Hand Weapons
 m - a +2 dagger of venom (weapon)
Armour
 a - a +0 robe (worn)
Jewellery
 g - a ring of protection from fire (left hand)
Scrolls
 c - a scroll of immolation {unknown}
 e - a scroll of silence {unknown}
 n - a scroll of teleportation {unknown}
Potions
 b - a potion of lignification {!q}
 d - a potion of curing {unknown}
 f - 2 potions of ambrosia {unknown}
 h - a potion of heal wounds {unknown}
 i - 2 potions of might {unknown}
 j - a potion of attraction {unknown}
 k - 2 potions of haste {unknown}
 l - 2 potions of degeneration {unknown}
 o - a potion of berserk rage {unknown}


   Skills:
 - Level 1.0 Fighting
 - Level 2.1 Dodging
 * Level 4.6 Unarmed Combat
 + Level 2.3 Spellcasting


You couldn't memorise any spells.
You knew the following spells:

 Your Spells              Type           Power      Damage    Failure   Level
a - Beastly Appendage     Tmut           16%        N/A       9%          1
b - Spider Form           Tmut/Pois      8%         N/A       26%         3
c - Slow                  Hex            32%        N/A       9%          1
d - Ice Form              Ice/Tmut       8%         N/A       63%         4
w - Wereblood             Tmut           8%         N/A       13%         2
Your spell library was empty.

Dungeon Overview and Level Annotations

Branches:
Dungeon (2/15)

Altars:


Innate Abilities, Weirdness & Mutations

You are immune to sickness and miasma.
You are immune to poison.
Your flesh is very heat resistant. (rF++)
You are vulnerable to cold. (rC-)
You float through the air rather than walking.
You learn spells naturally, not from books.
Your magical power is your life essence.
You have superior vitality. (+4 MHP)


Message History

The phantom is almost destroyed.
The phantom hits you.
The phantom blinks!
You blink.
You hit the phantom.
The phantom is almost destroyed.
The phantom hits you but does no damage.
You hit the phantom but do no damage.
The phantom is almost destroyed.
The phantom hits you but does no damage.
You closely miss the phantom.
The phantom is almost destroyed.
The ball python bites you. The ball python closely misses you.
The phantom misses you.
You are too injured to fight recklessly!
You are too injured to fight recklessly!
You are too injured to fight recklessly!
You closely miss the phantom.
The phantom is almost destroyed.
The ball python bites you. The ball python barely misses you.
The phantom barely misses you.
You barely miss the phantom.
The phantom is almost destroyed.
Your horns disappear.
The ball python barely misses you. The ball python grabs you.
The ball python constricts you.
The phantom hits you but does no damage.
The ball python bites you. The ball python constricts you.
You hit the phantom.
The phantom is almost destroyed.
The phantom hits you.
* * * LOW HITPOINT WARNING * * *
The phantom blinks!
You blink.
The ball python misses you. The ball python constricts you.
* * * LOW HITPOINT WARNING * * *
You barely miss the ball python. The phantom hits you.
* * * LOW HITPOINT WARNING * * *
The phantom blinks!
You blink.
The ball python loses its grip on you.
You barely miss the phantom.
The phantom is almost destroyed.
The phantom hits you.
You die...

. ....#######
.........<########
...#####.[.......#
#..S.@W...#
#..§......#
#.....)...#
##.......###
####........#
###...........#
######....##.......#
#<>......###.......#
#.#####.## #.......#


You could see a phantom and a ball python.

Vanquished Creatures
  2 gnolls (D:2)
  An adder (D:2)
  3 dart slugs (D:1)
  6 endoplasms (D:1)
  5 giant cockroaches
  2 goblins (D:2)
  9 hobgoblins
  2 jackals (D:1)
  2 kobolds
  2 quokkas
  3 ball pythons
  6 bats
  3 frilled lizards
  A rat (D:1)
47 creatures vanquished.

Vanquished Creatures (others)
  6 fungi (D:1)
6 creatures vanquished.

Grand Total: 53 creatures vanquished

Notes
Turn   | Place    | Note
-------+----------+-------------------------------------------
     0 | D:1      | mopl the Djinni Transmuter began the quest for the Orb.
     0 | D:1      | mopl set off with the following spells memorised: Beastly
                  | Appendage, Wereblood, Spider Form, Ice Form.
     0 | D:1      | Reached XP level 1. HP: 17/17 MP: 0/0
     1 | D:1      | Noticed an electric eel
   138 | D:1      | Reached XP level 2. HP: 13/22 MP: 0/0
   338 | D:1      | Reached XP level 3. HP: 27/27 MP: 0/0
   338 | D:1      | Learned a level 1 spell: Slow
   411 | D:1      | Reached skill level 2 in Spellcasting
   619 | D:1      | Reached skill level 4 in Unarmed Combat
   933 | D:2      | Reached XP level 4. HP: 28/32 MP: 0/0
  1217 | D:2      | Noticed a phantom
  1232 | D:2      | HP: 1/32 [phantom (4)]
  1233 | D:2      | Slain by a phantom

Illustrated notes

Levels and vault maps discovered:
D:1:      arrival_aquarium_a, layout_loops_ring, dreamdust_mushroom_princess
D:2:      layout_rooms, minmay_joined_circles

Skill      XL: |  1  2  3 |
---------------+----------+-----
Spellcasting   | 2 |  2.3
Unarmed Combat | 4 |  4.6
Fighting       | |  1.0
Dodging        | |  2.1

Action                     |  1- 3 |  4- 6 || total
---------------------------+-------+-------++-------
  Melee: Unarmed           |   106 |       ||   106
         Headbutt          |     8 |     4 ||    12
         Punch             |     3 |       ||     3
         Dagger            |     9 |    43 ||    52
   Cast: Beastly Appendage |    20 |     3 ||    23
   Stab: Sleeping          |     3 |       ||     3
 Armour: Robe              |    29 |     9 ||    38
  Dodge: Dodged            |    77 |    32 ||   109

Table legend: (Time is in decaauts)
 A = Elapsed time spent in this place.
 B = Non-inter-level travel time spent in this place.
 C = Inter-level travel time spent in this place.
 D = Time resting spent in this place.
 E = Time spent auto-exploring this place.
 F = Levels seen in this place.
 G = Mean time per level.
                   A        B        C        D        E       F      G
               +--------+--------+--------+--------+--------+-----+--------+
         Total |   1225 |   1154 |     71 |    265 |    547 |   2 |  612.5 |
       Dungeon |   1225 |   1154 |     71 |    265 |    547 |   2 |  612.5 |
               +--------+--------+--------+--------+--------+-----+--------+

Top non-repeatable levels by time:
     D:1: 951 daAuts
     D:2: 274 daAuts
